 Dungeon Crawl Stone Soup version 0.18.1-48-g4cf74bf (webtiles) character file.

23 pancakeRgood the Magician (level 3, -2/24 HPs)
             Began as a Human Wanderer on Aug 26, 2016.
             Slain by a worm (3 damage)
             ... on level 2 of the Dungeon.
             The game lasted 00:04:41 (1222 turns).

pancakeRgood the Magician (Human Wanderer)          Turns: 1222, Time: 00:04:41

Health: -2/24      AC:  3    Str:  9    XL:     3   Next: 12%
Magic:  2/8        EV: 11    Int: 13    God:
Gold:   54         SH:  0    Dex: 15    Spells: 1 memorised, 9 levels left

rFire  . . .     SeeInvis .     a - +2 dagger
rCold  . . .     Gourm    .     e - +0 robe
rNeg   . . .     Faith    .     (no shield)
rPois  .         Spirit   .     r - +1 hat
rElec  .         Dismiss  .     (no cloak)
rCorr  .         Reflect  .     (no gloves)
SustAt .         Harm     .     (no boots)
MR     .....                    (no amulet)
Stlth  ++........               (no ring)
                                (no ring)

@: very slightly contaminated, not resistant to hostile enchantments, unstealthy
A: no striking features
a: no special abilities


You were on level 2 of the Dungeon.
You were not hungry.

You visited 1 branch of the dungeon, and saw 2 of its levels.

You collected 54 gold pieces.

Inventory:

Hand Weapons
 a - a +2 dagger (weapon)
Missiles
 h - 25 bolts
 l - 5 stones (quivered)
Armour
 e - a +0 robe (worn)
 i - a +0 chain mail
 q - a +0 shield
 r - a +1 hat (worn)
Jewellery
 t - a cursed amulet of inaccuracy {unknown}
Scrolls
 b - a scroll of blinking
 k - 2 scrolls of identify {unknown}
 o - 3 scrolls of remove curse {unknown}
 p - a scroll of fog {unknown}
 u - a scroll of enchant weapon {unknown}
Potions
 d - 2 potions of curing
 g - a potion of lignification {unknown}
 j - a potion of invisibility {unknown}
 m - 3 potions of flight {unknown}
 n - 2 potions of agility
 s - a potion of degeneration {unknown}
Books
 c - Hiwysing's Volume of Venom

   Spells                             Type                      Level
   a - Sting                          Conjuration/Poison           1
   b - Mephitic Cloud                 Conjuration/Poison/Air       3
Comestibles
 f - a bread ration


   Skills:
 + Level 0.2 Dodging
 + Level 2.3 Stealth
 + Level 4.4 Spellcasting
 + Level 0.2 Conjurations
   Level 1.0 Hexes
   Level 2.0 Earth Magic
 + Level 1.2 Poison Magic


You had 9 spell levels left.
You knew the following spells:

 Your Spells              Type           Power        Failure   Level  Hunger
a - Sting                 Conj/Pois      #...         17%         1    None


Dungeon Overview and Level Annotations

Branches:
Dungeon (2/15)

Altars:


Message History

You hit the worm.
The worm is heavily wounded.
The bat closely misses you. x2; The worm bites you but does no damage.
You hit the worm.
The worm is severely wounded.
The bat hits you but does no damage. The worm bites you!
* * * LOW HITPOINT WARNING * * *
You hit the worm.
The worm is severely wounded.
The bat barely misses you.
Unknown command.
Casting: Sting
Confirm with . or Enter, or press ? or * to list all spells.
Aiming: Sting
Press: ? - help, Shift-Dir - straight line, f/p - worm
Aim: a worm (severely wounded)
The sting hits the worm.
The worm is poisoned.
The worm is almost dead.
The bat closely misses you. The bat misses you. The worm bites you.
You die...

................
.....................#..
............##.......#..
...........# #.......#..
...........# #.......#..
#..........# #.......#..
#..........###.......#..
........................
......b@w...............
........................
.......................<
..................#####.
.#######..........# #.
#..........# #.
############ #. #. #.


You could see a worm and a bat.

Vanquished Creatures
  A dart slug (D:1)
  A ball python (D:1)
  4 bats (D:1)
  2 giant cockroaches (D:1)
  5 hobgoblins (D:1)
  3 kobolds (D:1)
  3 rats (D:1)
19 creatures vanquished.

Notes
Turn   | Place    | Note
--------------------------------------------------------------
     0 | D:1      | pancakeRgood the Human Wanderer began the quest for the Orb.
     0 | D:1      | pancakeRgood set off with: a +2 dagger, a scroll of blinking, Hiwysing's Volume of Venom, a potion of curing, a +0 robe, a bread ration
     0 | D:1      | Reached XP level 1. HP: 13/13 MP: 5/5
     3 | D:1      | Learned a level 1 spell: Sting
   338 | D:1      | Reached XP level 2. HP: 18/19 MP: 2/7
  1014 | D:1      | Reached XP level 3. HP: 22/24 MP: 4/8
  1220 | D:2      | HP: 1/24 [worm (9)]
  1222 | D:2      | Slain by a worm

Action                   || total
-------------------------++-------
Melee: Dagger            ||    36
 Cast: Sting             ||    43
 Stab: Sleeping          ||     1
  Eat: Chunk             ||     1
Armor: Robe              ||    15
Dodge: Dodged            ||    39
